 Dungeon Crawl Stone Soup version bcrawl-1.19.2-6-g6a88ae04c9 (webtiles) character file.

Game seed: 13693075104079062587

1783 Mrkan the Grappler (level 8, -26/75 HPs)
             Began as a Troll Fighter on Dec 21, 2019.
             Was an Initiate of Trog.
             Annihilated by a two-headed ogre
             ... wielding a +0 giant spiked club
              (29 damage)
             ... on level 6 of the Dungeon.
             The game lasted 00:08:30 (4760 turns).

Mrkan the Grappler (Troll Fighter)                  Turns: 4760, Time: 00:08:30

Health: -26/75     AC:  7    Str: 25    XL:     8   Next: 81%
Magic:  7/7        EV:  9    Int:  7    God:    Trog [......]
Gold:   434        SH:  9    Dex:  9    Spells: 7/7 levels left

rFire    . . .     SeeInvis .     - Unarmed
rCold    . . .     Gourm    +   a - +0 shield
rNeg     . . .     Faith    .   (armour unavailable)
rPois    .         Spirit   .   (helmet restricted)
rElec    .         Reflect  .   (no cloak)
rCorr    .         Harm     .   (gloves unavailable)
MR       .....                  (boots unavailable)
Stlth    +.........             (no amulet)
HPRegen  0.62/turn              (no ring)
MPRegen  0.10/turn              (no ring)

@: no status effects
A: large, almost no armour, unfitting armour, claws 3, fast metabolism 3,
gourmand, regeneration 1, AC +7
a: Renounce Religion


You were on level 6 of the Dungeon.
You worshipped Trog.
Trog was noncommittal.
You were not hungry.

You visited 1 branch of the dungeon, and saw 6 of its levels.

You collected 434 gold pieces.

Inventory:

Hand Weapons
 u - a +0 broad axe
Armour
 a - a +0 shield (worn)
Wands
 l - a wand of digging (5)
 n - a wand of polymorph (5)
Scrolls
 d - 2 scrolls of remove curse
 e - 6 scrolls of immolation
 i - 2 scrolls of identify
 j - a scroll of fog {unknown}
 q - a scroll of teleportation {unknown}
 r - a scroll of vulnerability {unknown}
 s - 2 scrolls of enchant weapon {unknown}
 v - a scroll of fear {unknown}
Potions
 b - a potion of might
 f - 2 potions of lignification
 g - a potion of mutation
 h - 3 potions of heal wounds
 k - 2 potions of resistance
 m - 2 potions of flight
 o - a potion of ambrosia
 p - 3 potions of haste
 t - 2 potions of curing {unknown}
Comestibles
 c - 13 rations {!d}


   Skills:
 * Level 3.5 Fighting
 - Level 2.4 Dodging
 + Level 5.0 Shields
 - Level 9.0 Unarmed Combat


You had 7 spell levels left.
You didn't know any spells.
Your spell library contained the following spells:

 Spells                   Type           Power        Failure   Level  Hunger
 Apportation              Tloc           #.....       73%         1    ##.....
 Infusion                 Chrm           #.......     73%         1    ##.....
 Sandblast                Erth           #.....       73%         1    ##.....
 Slow                     Hex            #.......     73%         1    ##.....
 Summon Butterflies       Summ           #.......     73%         1    ##.....


Dungeon Overview and Level Annotations

Branches:
Dungeon (6/12)
 Temple: D:4-7

Altars:
Okawaru
Trog

Shops:
D:4 (


Innate Abilities, Weirdness & Mutations

You cannot wear most types of armour.
Your thick skin is tough. (AC +7)
You are too large for most types of armour.
You have claws for hands.
Your metabolism is lightning-fast.
You like to eat raw meat.
Your natural rate of healing is unusually fast.


Message History

The two-headed ogre hits you with a +0 giant spiked club!
The two-headed ogre hits you with a +0 giant club!!
You barely miss the two-headed ogre.
The two-headed ogre is lightly wounded.
The two-headed ogre hits you with a +0 giant spiked club!!
The two-headed ogre hits you with a +0 giant club!
* * * LOW HITPOINT WARNING * * *
You mangle the two-headed ogre!!
The two-headed ogre is heavily wounded.
You claw the two-headed ogre!
The two-headed ogre is almost dead.
The two-headed ogre barely misses you.
The two-headed ogre hits you with a +0 giant club!
* * * LOW HITPOINT WARNING * * *
You barely miss the two-headed ogre.
The two-headed ogre is almost dead.
You barely miss the two-headed ogre.
The two-headed ogre is almost dead.
The two-headed ogre hits you with a +0 giant spiked club!!
You die...

#######.##
.........# .#
######.## .# #.#
'## ###.#### ..##
##......# ...##
#.......# ....##
##..#.##.#
.....####...#.##@#
.....'........##O#
...†.####...#.##.#
....## ##..#.##.#
...## #..#.##.#
..## #.... ..# '##
#.......# .#
###.#### .# .#


You could see a two-headed ogre.

Vanquished Creatures
  A hornet (D:5)
  Sigmund (D:3)
  A hungry ghost (D:6)
  A sky beast (D:5)
  An ice beast (D:5)
  An ogre (D:4)
  A scorpion (D:3)
  3 howler monkeys
  2 crimson imps
  A bullfrog zombie (D:5)
  3 orc priests
  Jessica (D:3)
  An iguana (D:5)
  Ijyb (D:3)
  Terence (D:3)
  6 orc wizards
  6 worker ants
  A hound zombie (D:5)
  Robin (D:3)
  10 adders
  A howler monkey skeleton (D:6)
  An adder skeleton (D:3)
  A worm (D:3)
  A dart slug (D:1)
  2 leopard geckos
  29 orcs
  8 bats
  6 giant cockroaches
  11 goblins
  12 hobgoblins
  13 jackals
  7 kobolds
  2 quokkas
  A ball python (D:2)
  3 frilled lizards
  A quokka skeleton (D:5)
  9 rats
152 creatures vanquished.

Notes
Turn   | Place    | Note
-------+----------+-------------------------------------------
     0 | D:1      | Mrkan the Troll Fighter began the quest for the Orb.
     0 | D:1      | Reached XP level 1. HP: 22/22 MP: 0/0
   300 | D:1      | Reached XP level 2. HP: 25/29 MP: 1/1
   375 | D:1      | Reached skill level 3 in Unarmed Combat
   630 | D:1      | Reached XP level 3. HP: 36/36 MP: 2/2
   948 | D:2      | Gained mutation: Your natural rate of healing is unusually
                  | fast. [Troll growth]
   948 | D:2      | Reached XP level 4. HP: 21/44 MP: 3/3
  1358 | D:2      | Reached skill level 4 in Unarmed Combat
  1575 | D:2      | Found an iron altar of Okawaru.
  1605 | D:2      | Reached XP level 5. HP: 50/50 MP: 4/4
  1750 | D:3      | Reached skill level 5 in Unarmed Combat
  1805 | D:3      | Noticed Terence
  1813 | D:3      | Killed Terence
  1813 | D:3      | Reached XP level 6. HP: 42/59 MP: 5/5
  2021 | D:3      | Noticed Robin
  2046 | D:3      | Killed Robin
  2144 | D:3      | Noticed Sigmund
  2154 | D:3      | Killed Sigmund
  2154 | D:3      | Reached skill level 6 in Unarmed Combat
  2154 | D:3      | Reached XP level 7. HP: 43/66 MP: 6/6
  2402 | D:3      | Noticed Ijyb
  2422 | D:3      | Killed Ijyb
  2452 | D:3      | Noticed Jessica
  2456 | D:3      | Killed Jessica
  2825 | D:4      | Found Kotaluel's Weapon Shop.
  2900 | D:4      | Reached skill level 7 in Unarmed Combat
  3529 | D:5      | Entered Level 5 of the Dungeon
  3691 | D:5      | Noticed a hornet
  3699 | D:5      | Killed a hornet
  3699 | D:5      | Reached skill level 8 in Unarmed Combat
  3699 | D:5      | Reached XP level 8. HP: 71/74 MP: 7/7
  3970 | D:5      | Reached skill level 9 in Unarmed Combat
  4660 | D:6      | Found a bloodstained altar of Trog.
  4668 | D:6      | Became a worshipper of Trog the Wrathful
  4723 | D:6      | Reached skill level 5 in Shields
  4752 | D:6      | Noticed a two-headed ogre
  4758 | D:6      | HP: 2/75 [two-headed ogre/+0 giant spiked club (7)]
  4760 | D:6      | Annihilated by a two-headed ogre

Skill      XL: |  1  2  3  4  5  6  7  8 |
---------------+-------------------------+-----
Unarmed Combat | 3 4 5 6 8 9 |  9.0
Shields        | 3 4 5 |  5.0
Fighting       | 3 |  3.5
Dodging        | |  2.4

Action                   |  1- 3 |  4- 6 |  7- 9 || total
-------------------------+-------+-------+-------++-------
Melee: Unarmed           |    84 |   124 |   250 ||   458
  Use: Scroll            |       |       |     8 ||     8
 Stab: Sleeping          |       |     1 |     1 ||     2
  Eat: Chunk             |     9 |    10 |    15 ||    34
Armor: Skin              |    43 |    33 |    99 ||   175
Dodge: Dodged            |    50 |    35 |    83 ||   168
Block: Shield            |    53 |    44 |    95 ||   192
